AoeStats
← Rowdy

Nomad

510599552Analyzed
4v4 RM · 11h ago on Oct 1, 2026· 60m 25s· 8 players
Game mode
Random Map
Map size
231×231
Population
200
Speed
Normal
Resources
Standard
Victory
Conquest
Starting age
Dark Age
Ending age
Imperial Age
RankedLock teamsTeams togetherTeam positionsShared explorationLock speedFull tech treeHidden civsTurbo modeCheats
Victory
Defeat
🇲🇽 Japanese · Mexico
1063
+12
🇺🇸 Japanese · United States
1054
+13
🇳🇱 Georgians · Netherlands
1041
+13
🇬🇧 Franks · United Kingdom
939
+17
🇷🇺 Dravidians · Russia
1043
-16
1011
-15
🇮🇳 Wu · India
953
-13
🇮🇳 Huns · India
908
-11
Rowdy
2:57 Loom
16:26 Feudal Age
21:16 Castle Age
21:01 Forging
20:51 Double-Bit Axe
21:50 Scale Barding Armor
21:33 Horse Collar
26:02 Fletching
26:14 Padded Archer Armor
28:29 Ballistics
28:27 Stone Mining
29:47 Gold Mining
36:15 Gold Shaft Mining
35:43 Heavy Plow
35:55 Bow Saw
35:50 Red Cliffs Tactics
39:54 Imperial Age
38:02 Wheelbarrow
37:28 Bodkin Arrow
39:40 Leather Archer Armor
41:42 Elite Fire Archer
42:45 Conscription
43:59 Chemistry
44:22 Sitting Tiger
44:23 Bracer
47:47 Stone Shaft Mining
48:04 Man-at-Arms
48:06 Pikeman
48:47 Squires
48:32 Arson
49:23 Iron Casting
48:49 Scale Mail Armor
49:38 Halberdier
76561199137489861
13:04 Loom
16:08 Feudal Age
17:52 Horse Collar
22:16 Castle Age
21:44 Double-Bit Axe
23:13 Medium Warships
27:34 Bow Saw
27:49 Fletching
29:24 Gold Mining
29:37 Heavy Plow
34:27 Wheelbarrow
36:40 Murder Holes
41:10 Ballistics
SYNC
4:16 Loom
4:30 Loom
17:17 Feudal Age
19:03 Gold Mining
19:01 Double-Bit Axe
20:59 Stone Mining
27:30 Castle Age
27:30 Horse Collar
30:50 Gold Shaft Mining
30:53 Wheelbarrow
30:56 Scale Barding Armor
31:01 Forging
31:04 Bloodlines
30:54 Husbandry
32:08 Marauders
33:28 Hand Cart
34:24 Chain Barding Armor
34:39 Iron Casting
46:04 Imperial Age
46:59 Elite Tarkan
49:09 Plate Barding Armor
49:34 Blast Furnace
希望大陸人有素質一點
RogerFDM
6:26 Loom
14:04 Feudal Age
14:50 Fishing Lines
15:59 Double-Bit Axe
23:42 Castle Age
22:01 Stone Mining
25:30 Fletching
26:41 Ballistics
26:34 Murder Holes
27:23 Bow Saw
27:45 Bodkin Arrow
29:01 Wheelbarrow
31:59 Masonry
33:37 Horse Collar
35:52 Heavy Plow
36:14 Hand Cart
38:10 Gold Mining
42:43 Imperial Age
40:27 Bloodlines
41:18 Scale Barding Armor
41:24 Forging
42:07 Stone Shaft Mining
41:41 Husbandry
43:08 Chain Barding Armor
43:26 Iron Casting
43:20 Elite Monaspa
45:10 Plate Barding Armor
45:37 Conscription
46:58 Blast Furnace
45:59 Bracer
50:12 Siege Engineers
49:49 Treadmill Crane
51:11 Chemistry
49:57 Arrowslits
50:52 Hoardings
51:43 Aznauri Cavalry
54:10 Light Cavalry
55:51 Architecture
55:29 Svan Towers
54:58 Hussar
55:41 Padded Archer Armor
55:42 Scale Mail Armor
55:31 Town Watch
57:09 Elite Skirmisher
58:22 Crop Rotation
59:32 Leather Archer Armor
59:32 Chain Mail Armor
Gamer_90_
4:34 Loom
16:35 Feudal Age
17:57 Wheelbarrow
23:22 Castle Age
21:42 Double-Bit Axe
23:22 Forging
23:13 Scale Mail Armor
25:36 Iron Casting
25:17 Chain Mail Armor
27:14 Fishing Lines
30:56 Gold Mining
34:37 Scale Barding Armor
34:11 Pikeman
34:51 Squires
34:36 Arson
35:31 Bow Saw
36:34 Stone Mining
37:07 Hand Cart
36:37 Town Watch
40:41 Imperial Age
39:14 Padded Archer Armor
39:04 Fletching
39:14 Light Cavalry
39:55 Husbandry
42:10 Gold Shaft Mining
41:58 Chain Barding Armor
41:09 Cavalier
42:55 Blast Furnace
42:08 Treadmill Crane
42:38 Masonry
42:24 Murder Holes
42:39 Fortified Wall
42:36 Paladin
44:12 Plate Barding Armor
44:51 Plate Mail Armor
46:29 Chemistry
45:59 Architecture
45:15 Arrowslits
50:21 Leather Archer Armor
50:01 Bodkin Arrow
52:02 Chivalry
51:26 Ordonnance Companies
51:58 Cranequins
51:58 Crossbowman
53:41 Elite Throwing Axeman
54:57 Hoardings
53:59 Heavy Scorpion
58:34 Capped Ram
58:36 Onager
59:42 Man-at-Arms
60:08 Gambesons
61:01 Coinage
60:32 Caravan
60:55 Sanctity
60:35 Devotion
61:11 Theocracy
60:34 Guard Tower
60:50 Siege Engineers
60:56 Clinker Construction
61:17 Conscription
60:24 Spies/Treason
scott.hurstell
3:49 Loom
16:56 Feudal Age
17:22 Double-Bit Axe
17:39 Horse Collar
20:13 Wheelbarrow
22:33 Castle Age
21:55 Stone Mining
21:56 Gold Mining
22:38 Fishing Lines
24:03 Medium Warships
23:16 Demolition Ship
24:09 Forging
23:59 Scale Mail Armor
25:21 Gillnets
28:38 Gold Shaft Mining
28:15 Bow Saw
28:07 Heavy Plow
29:27 Iron Casting
29:08 Chain Mail Armor
35:36 Imperial Age
33:06 Fletching
34:00 Bodkin Arrow
36:54 Conscription
38:28 Plate Mail Armor
40:18 Blast Furnace
40:29 Bracer
43:24 Elite Samurai
52:49 Kataparuto
Sniper_Wolf
5:58 Loom
14:29 Feudal Age
15:19 Double-Bit Axe
15:28 Town Watch
17:35 Wheelbarrow
17:01 Fishing Lines
21:26 Castle Age
19:11 Horse Collar
19:21 Gold Mining
19:44 Forging
19:34 Scale Mail Armor
20:46 Fletching
22:49 Bow Saw
22:42 Heavy Plow
23:18 Gold Shaft Mining
24:46 Iron Casting
24:26 Chain Mail Armor
24:36 Bodkin Arrow
28:30 Squires
28:15 Arson
33:58 Imperial Age
36:12 Conscription
36:55 Blast Furnace
36:25 Plate Mail Armor
35:35 Elite Samurai
39:56 Gillnets
40:45 Masonry
41:37 Chemistry
40:58 Ballistics
40:44 Padded Archer Armor
40:44 Bracer
43:44 Hand Cart
43:13 Pikeman
44:10 Leather Archer Armor
46:39 Halberdier
47:56 Ring Archer Armor
51:22 Man-at-Arms
51:47 Gambesons
52:02 Long Swordsman
53:17 Two-Handed Swordsman
53:54 Champion
59:58 Spies/Treason
Connection lost

Rejoining the realm…

Still unreachable

The connection could not be restored.

Session expired

The server has moved on; the page needs a fresh start.